 Dungeon Crawl Stone Soup version 0.29.1 (webtiles) character file.

Game seed: 12568929492633432684

1836 wakxed the Trooper (level 8, -2/62 (73) HPs)
             Began as a Minotaur Fighter on Sept 12, 2022.
             Was a Plaything of Xom.
             Succumbed to a naga's poison
             ... on level 6 of the Dungeon on Sept 13, 2022.
             The game lasted 00:16:40 (4931 turns).

wakxed the Trooper (Minotaur Fighter)               Turns: 4931, Time: 00:16:41

HP:   -2/62 (73)    AC:  9    Str: 23 (24) XL:     8   Next: 87%
MP:   7/7           EV: 11    Int:  5      God:    Xom [......]
Gold: 301           SH:  5    Dex:  9      Spells: 7/7 levels left

rFire   . . .      SeeInvis .   a - +1 war axe
rCold   . . .      Faith    .   c - +0 buckler
rNeg    . . .      Spirit   .   g - +0 troll leather armour {Pargi}
rPois   .          Reflect  .   (helmet restricted)
rElec   .          Harm     .   f - +1 cloak
rCorr   .          Rampage  .   p - +0 pair of gloves
Will    .....                   (no boots)
Stlth   +.........              (no amulet)
HPRegen 1.00/turn               (no ring)
MPRegen 0.10/turn               (no ring)

@: lethally poisoned (-2 -> -13), slowed, heavily drained, very slow
A: horns 2, retaliatory headbutt
a: Renounce Religion


You were on level 6 of the Dungeon.
You worshipped Xom.
You were a very special plaything of Xom.
You visited 1 branch of the dungeon, and saw 6 of its levels.
You also visited: Sewer.

You collected 301 gold pieces.

Inventory:

Hand Weapons
 a - a +1 war axe (weapon)
 n - a +2 flail of venom
 q - a +1 mace of draining
 s - a +2 vorpal hand axe
Armour
 b - a +0 scale mail
 c - a +0 buckler (worn)
 e - a +0 leather armour of fire resistance
 f - a +1 cloak (worn)
 g - a +0 troll leather armour (worn) {Pargi}
 p - a +0 pair of gloves (worn)
Wands
 h - a wand of paralysis (5)
Scrolls
 d - a scroll of fear
 o - a scroll of blinking
 t - a scroll of magic mapping
Potions
 j - 2 potions of might
 k - a potion of heal wounds
 l - a potion of invisibility {unknown}
 m - 4 potions of curing {unknown}
 r - a potion of brilliance {unknown}


   Skills:
 + Level 7.6 Fighting
 + Level 7.0 Axes
 + Level 7.6 Armour
 + Level 2.8 Dodging
 + Level 7.6 Shields


You had 7 spell levels left.
You didn't know any spells.
Your spell library contained the following spells:

 Spells                   Type           Power      Damage    Failure   Level
 Dazzling Flash           Conj/Hex       0%         N/A       92%         3
 Agony                    Necr           0%         N/A       100%        5
 Silence                  Hex/Air        0%         N/A       100%        5


Dungeon Overview and Level Annotations

Branches:
Dungeon (6/15)              Sewer (visited)
 Temple: D:4-7

Altars:
Vehumet
Wu Jian
Xom

Shops:
D:4 :


Innate Abilities, Weirdness & Mutations

You have a pair of horns on your head.
You reflexively headbutt those who attack you in melee.


Message History

The gnoll sergeant evaporates and reforms as a naga!
The naga picks up a +3 spear of chaos.
The naga wields a +3 spear of chaos.
It is briefly surrounded by a scintillating aura of random colours.
There is a stone staircase leading up here.
Press: ? - help, v - describe, . - travel
Here: a naga, wielding a +3 spear of chaos The floor.
Aiming: Paralyse
Press: ? - help, Shift-Dir - straight line, f - naga
Aim: a naga, wielding a +3 spear of chaos (chance to affect: 31%)
The naga easily resists.
Aiming: Bolt of Light
Press: ? - help, Shift-Dir - straight line, f/p - naga
Aim: a naga, wielding a +3 spear of chaos (71% to hit)
The bolt of light misses the naga.
The now-empty wand crumbles to dust.
The naga barely misses you. You block the naga's attack. The naga misses you.
There is a stone staircase leading up here.
You slash the naga! Your headbutt misses the naga.
The naga is heavily wounded.
The naga hits you with a +3 spear of chaos!!
A shower of butterflies erupts from you!
You are poisoned.
The naga grabs you. The naga constricts you.
You escape the naga's grasp.
You feel extremely sick.
The naga hits you with a +3 spear of chaos!
You feel yourself slow down. The naga grabs you. The naga constricts you.
* * * LOW HITPOINT WARNING * * *
Things that are here:
a +0 club; an orc corpse You escape the naga's grasp.
You swap places.
* * * LOW HITPOINT WARNING * * *
You feel extremely sick.
The naga hits you with a +3 spear of chaos!
* * * LOW HITPOINT WARNING * * *
You block the naga's attack.
There is a stone staircase leading up, spattered with blood here.
You die...
Xom giggles madly!

. .. #### ...####
.....
.......########..>...
#.....b..@........
###..#..Nb[#......
##.b..gb.# .....
###[.b..# ....
g.....b.#.### .##
............ ..
.g...$....#.# .
..............
=..............


You could see a naga (ally target) and a gnoll.

Vanquished Creatures
  The ghost of Daunt the Shield-Bearer, an amateur GnFi (D:5)
  Grinder (D:5)
  A hornet (D:4)
  Prince Ribbit (D:5)
  Menkaure (D:4)
  A sky beast (D:4)
  Pargi (Sewer)
  An ogre (D:5)
  A phantom (D:4)
  3 orc priests
  2 hounds (D:5)
  A jelly (D:4)
  3 iguanas
  2 orc wizards (D:4)
  8 gnolls
  9 adders
  A shadow imp (D:5)
  2 white imps
  A worm (D:3)
  A dart slug (D:2)
  11 orcs
  7 ball pythons
  3 bats
  8 endoplasms
  A giant cockroach (Sewer)
  3 goblins
  9 hobgoblins
  5 quokkas
  4 frilled lizards
  3 kobolds
  4 rats
100 creatures vanquished.

Vanquished Creatures (collateral kills)
  A giant cockroach (D:2)
  A hobgoblin (D:2)
2 creatures vanquished.

Vanquished Creatures (others)
  A worm (D:4)
  2 goblins (D:4)
  A ball python (D:4)
  2 demonic plants (D:1)
6 creatures vanquished.

Grand Total: 108 creatures vanquished

Notes
Turn   | Place    | Note
-------+----------+-------------------------------------------
     0 | D:1      | wakxed the Minotaur Fighter began the quest for the Orb.
     0 | D:1      | Reached XP level 1. HP: 19/19 MP: 0/0
   412 | D:1      | HP: 1/20 [gnoll/+0 club (7)]
   416 | D:1      | Reached XP level 2. HP: 2/27 MP: 1/1
   801 | D:1      | Found a faded altar of an unknown god.
   801 | D:1      | Noticed an orange demon
   809 | D:1      | Prayed at the altar of an unknown god.
   809 | D:1      | Became a worshipper of Xom of Chaos
  1276 | D:2      | XOM: silly message
  1281 | D:2      | XOM: silly message
  1343 | D:2      | XOM: cloud trail
  1368 | D:2      | Reached XP level 3. HP: 33/33 MP: 2/2
  1643 | D:2      | XOM: cloud trail
  2118 | D:3      | Found a glowing drain.
  2125 | D:3      | XOM: divination: detect items
  2133 | Sewer    | Entered a sewer
  2183 | Sewer    | Noticed Pargi
  2196 | Sewer    | Killed Pargi
  2197 | Sewer    | Reached XP level 4. HP: 41/41 MP: 3/3
  2197 | Sewer    | Reached XP level 5. HP: 47/47 MP: 4/4
  2861 | D:4      | Noticed Menkaure
  2863 | D:4      | XOM: cast spell 'Discord'
  2867 | D:4      | Killed Menkaure
  2868 | D:4      | Reached skill level 5 in Fighting
  2868 | D:4      | Reached skill level 5 in Armour
  2868 | D:4      | Reached skill level 5 in Shields
  2868 | D:4      | Reached XP level 6. HP: 56/56 MP: 5/5
  3024 | D:4      | Found a radiant altar of Vehumet.
  3294 | D:4      | Noticed a sky beast
  3403 | D:4      | Killed a sky beast
  3404 | D:4      | Reached skill level 5 in Axes
  3404 | D:4      | Reached XP level 7. HP: 23/62 MP: 6/6
  3652 | D:4      | XOM: divination: detect items
  3656 | D:4      | Noticed a hornet
  3656 | D:4      | Found a shimmering altar of Xom.
  3664 | D:4      | Killed a hornet
  3860 | D:4      | Found Qulipnud's Book Shop.
  3870 | D:4      | XOM: silly message
  4001 | D:4      | Found an ornate altar of the Wu Jian Council.
  4083 | D:4      | XOM: torment (33/64 hp)
  4095 | D:5      | Entered Level 5 of the Dungeon
  4153 | D:5      | Noticed Grinder
  4159 | D:5      | XOM: summons friendly iron imp
  4160 | D:5      | Paralysed by Grinder for 4 turns
  4170 | D:5      | Killed Grinder
  4171 | D:5      | Reached XP level 8. HP: 55/71 MP: 7/7
  4224 | D:5      | Noticed Prince Ribbit
  4236 | D:5      | Killed Prince Ribbit
  4237 | D:5      | Reached skill level 1 in Dodging
  4491 | D:5      | Found a runed translucent door.
  4493 | D:5      | Noticed Daunt's ghost (amateur GnFi)
  4540 | D:5      | Killed Daunt's ghost
  4814 | D:5      | XOM: stat loss: -1 Str (23/24)
  4875 | D:6      | XOM: chaos upgrade
  4890 | D:5      | XOM: swap monsters
  4921 | D:6      | XOM: draining
  4922 | D:6      | XOM: polymorph gnoll sergeant -> naga
  4928 | D:6      | XOM: butterfly on damage
  4930 | D:6      | HP: 2/62 [naga/+3 spear of chaos (9)]
  4931 | D:6      | Succumbed to a naga's poison

Illustrated notes

Levels and vault maps discovered:
D:1:      dpeg_chamrin_arrival_tetris, layout_basic,
          dreamdust_ecumenical_altar_sealed_demon, st_stairs_11
D:2:      layout_loops_ring
D:3:      layout_loops_cross, portal_sewer_entry_d, minmay_unequal
D:4:      layout_layer_cave, vehumet_crystals, xom_confusion_cloud,
          overflow_temple_1_default, serial_shops, nicolae_diamond_shop,
          uniq_menkaure
D:5:      layout_rooms, gammafunk_ghost_grave, uniq_prince_ribbit1, uniq_grinder
D:6:      layout_rooms, nicolae_overflow_squiral

Skill      XL: |  1  2  3  4  5  6  7  8 |
---------------+-------------------------+-----
Fighting       | 4 5 6 7 |  7.6
Armour         | 4 5 6 7 |  7.6
Shields        | 4 5 6 7 |  7.6
Axes           | 3 4 5 6 7 |  7.0
Dodging        | 2 |  2.8

Action                   |  1- 3 |  4- 6 |  7- 9 || total
-------------------------+-------+-------+-------++-------
Melee: War axe           |    83 |    85 |   126 ||   294
       Headbutt          |     7 |    11 |    24 ||    42
Evoke: Wand              |       |     2 |     3 ||     5
  Use: Scroll            |     5 |     7 |     1 ||    13
       Potion            |     1 |     1 |     5 ||     7
 Stab: Invisible         |       |     1 |       ||     1
Armor: Scale mail        |    26 |       |       ||    26
       Skin              |    37 |       |       ||    37
       Troll leather arm |       |    29 |    32 ||    61
Dodge: Dodged            |    24 |    26 |    58 ||   108
Block: Buckler           |    21 |    10 |    31 ||    62
